 Dungeon Crawl Stone Soup version 0.28-a0-1199-gef9e1dbd39 (webtiles) character file.

Game seed: 6570966349750832347

191 Gargoyl the Skirmisher (level 5, 0/47 HPs)
             Began as a Gnoll Abyssal Knight on Dec 19, 2021.
             Was a Follower of Lugonu.
             Slain by Sigmund (2 damage)
             ... on level 3 of the Dungeon.
             The game lasted 00:02:26 (2133 turns).

Gargoyl the Skirmisher (Gnoll Abyssal Knight)       Turns: 2133, Time: 00:02:26

Health: 0/47       AC: 12    Str: 14    XL:     5   Next: 70%
Magic:  8/8        EV:  5    Int: 10    God:    Lugonu [*.....]
Gold:   65         SH:  0    Dex: 12    Spells: 7/7 levels left

rFire   . . .      SeeInvis .   c - +0 battleaxe (venom)
rCold   . . .      Faith    .   (shield currently unavailable)
rNeg    . . .      Spirit   .   e - +0 plate armour
rPois   .          Reflect  .   (no helmet)
rElec   .          Harm     .   (no cloak)
rCorr   .          Rampage  .   (no gloves)
Will    .....                   (no boots)
Stlth   ..........              (no amulet)
HPRegen 0.15/turn               (no ring)
MPRegen 0.11/turn               (no ring)

@: confused
A: fangs 1, strong nose, distributed training
a: Renounce Religion, Depart the Abyss


You were on level 3 of the Dungeon.
You worshipped Lugonu.
Lugonu was aware of your devotion.
You visited 1 branch of the dungeon, and saw 3 of its levels.
You visited the Abyss 1 time.

You collected 65 gold pieces.

Inventory:

Hand Weapons
 a - a +1 hand axe
 c - a +0 battleaxe of venom (weapon)
Armour
 e - a +0 plate armour (worn)
Potions
 d - 2 potions of flight {unknown}


   Skills:
 + Level 6.7 Fighting
 + Level 1.6 Short Blades
 + Level 1.6 Long Blades
 + Level 4.8 Axes
 + Level 1.6 Maces & Flails
 + Level 1.6 Polearms
 + Level 1.6 Staves
 + Level 1.6 Slings
 + Level 1.6 Bows
 + Level 1.6 Crossbows
 + Level 1.6 Throwing
 + Level 4.8 Armour
 + Level 3.0 Dodging
 + Level 1.6 Stealth
 + Level 1.6 Shields
 + Level 1.6 Unarmed Combat
 + Level 1.6 Spellcasting
 + Level 1.2 Conjurations
 + Level 1.2 Hexes
 + Level 1.2 Summonings
 + Level 1.2 Necromancy
 + Level 1.2 Translocations
 + Level 1.2 Transmutations
 + Level 1.2 Fire Magic
 + Level 1.2 Ice Magic
 + Level 1.2 Air Magic
 + Level 1.2 Earth Magic
 + Level 1.2 Poison Magic
 + Level 4.9 Invocations
 + Level 1.6 Evocations


You had 7 spell levels left.
You didn't know any spells.
Your spell library contained the following spells:

 Spells                   Type           Power      Damage    Failure   Level
 Beastly Appendage        Tmut           6%         N/A       100%        1
 Magic Dart               Conj           12%        1d3       100%        1
 Call Imp                 Summ           3%         N/A       100%        2
 Wereblood                Tmut           3%         N/A       100%        2
 Mephitic Cloud           Conj/Pois/Air  3%         N/A       100%        3
 Spider Form              Tmut/Pois      3%         N/A       100%        3


Dungeon Overview and Level Annotations

Branches:
Dungeon (3/15)

Altars:
Ashenzari

Annotations:
D:3 Sigmund


Innate Abilities, Weirdness & Mutations

You have very sharp teeth.
Your uncanny sense of smell can sniff out nearby items.
Your experience applies equally to all skills.


Message History

You start resting.
HP restored.
You drop a ring of ice.
You climb downwards.
Level annotation: Sigmund
There is a stone staircase leading up here.
Sigmund mumbles some strange words.
Sigmund flickers and vanishes!
Deactivating autopickup; reactivate with Ctrl-A.
You miss something. Your bite misses something. Something hits you!
Something burns you.
You barely miss something. Something hits you. Something burns you.
You closely miss something. Something hits you but does no damage.
You miss something.
You hear some strange, mumbled words.
Something tries to affect you, but you resist.
You hit something. Something hits you. Something burns you.
You barely miss something. Something hits you. Something burns you.
You miss something. Something hits you but does no damage.
You miss something. Something hits you! Something burns you.
* * * LOW HITPOINT WARNING * * *
You slash something!
You hear some strange, mumbled words.
A magic dart appears from out of thin air!
The magic dart hits you!
* * * LOW HITPOINT WARNING * * *
You closely miss something.
You hear some strange, mumbled words.
A magic dart appears from out of thin air!
The magic dart hits you but does no damage.
You closely miss something. Something hits you but does no damage.
You barely miss something. Something hits you.
* * * LOW HITPOINT WARNING * * *
Something burns you.
* * * LOW HITPOINT WARNING * * *
You closely miss something.
You hear some strange, mumbled words.
You are confused.
Something hits you.
You die...

#########
##...#...##
##.........#######
#.....{@..<.......
#...........######
#...........#
##.........##
##...#......
##########.. ...
##


There were no monsters in sight!

Vanquished Creatures
  An adder (D:2)
  2 worms (D:2)
  2 endoplasms
  3 giant cockroaches (D:1)
  3 kobolds
  A quokka (D:1)
  2 ball pythons (D:2)
  A bat (D:1)
  A frilled lizard (D:1)
  3 goblins
  2 rats
21 creatures vanquished.

Vanquished Creatures (collateral kills)
  A flying skull (Abyss:1)
1 creature vanquished.

Grand Total: 22 creatures vanquished

Notes
Turn   | Place    | Note
-------+----------+-------------------------------------------
     0 | Abyss:1  | Gargoyl the Gnoll Abyssal Knight began the quest for the
                  | Orb.
     0 | Abyss:1  | Reached XP level 1. HP: 23/23 MP: 3/3
    29 | Abyss:1  | Noticed a smoke demon
   114 | Abyss:1  | Noticed a flying skull
   136 | Abyss:1  | Killed a flying skull
   137 | Abyss:1  | Reached skill level 1 in Short Blades
   137 | Abyss:1  | Reached skill level 1 in Long Blades
   137 | Abyss:1  | Reached skill level 1 in Maces & Flails
   137 | Abyss:1  | Reached skill level 1 in Polearms
   137 | Abyss:1  | Reached skill level 1 in Staves
   137 | Abyss:1  | Reached skill level 1 in Slings
   137 | Abyss:1  | Reached skill level 1 in Bows
   137 | Abyss:1  | Reached skill level 1 in Crossbows
   137 | Abyss:1  | Reached skill level 1 in Throwing
   137 | Abyss:1  | Reached skill level 1 in Stealth
   137 | Abyss:1  | Reached skill level 1 in Shields
   137 | Abyss:1  | Reached skill level 1 in Unarmed Combat
   137 | Abyss:1  | Reached skill level 1 in Spellcasting
   137 | Abyss:1  | Reached skill level 1 in Conjurations
   137 | Abyss:1  | Reached skill level 1 in Hexes
   137 | Abyss:1  | Reached skill level 1 in Summonings
   137 | Abyss:1  | Reached skill level 1 in Necromancy
   137 | Abyss:1  | Reached skill level 1 in Translocations
   137 | Abyss:1  | Reached skill level 1 in Transmutations
   137 | Abyss:1  | Reached skill level 1 in Fire Magic
   137 | Abyss:1  | Reached skill level 1 in Ice Magic
   137 | Abyss:1  | Reached skill level 1 in Air Magic
   137 | Abyss:1  | Reached skill level 1 in Earth Magic
   137 | Abyss:1  | Reached skill level 1 in Poison Magic
   137 | Abyss:1  | Reached skill level 1 in Evocations
   137 | Abyss:1  | Reached XP level 2. HP: 10/29 MP: 5/5
   137 | Abyss:1  | Reached XP level 3. HP: 13/35 MP: 6/6
   137 | Abyss:1  | Reached XP level 4. HP: 15/41 MP: 7/7
   137 | Abyss:1  | Reached XP level 5. HP: 17/47 MP: 8/8
   323 | Abyss:1  | Noticed a golden eye
   325 | Abyss:2  | Found a corrupted altar of Lugonu.
   346 | Abyss:2  | Noticed an anaconda zombie
   363 | D:1      | Escaped the Abyss
   746 | D:1      | Reached * piety under Lugonu
  1689 | D:2      | Found a broken altar of Ashenzari.
  1981 | D:3      | Noticed Sigmund
  2035 | D:2      | Identified a scroll of acquirement
  2035 | D:2      | Acquired a +0 battleaxe of venom
  2132 | D:3      | HP: 2/47 [something (1)]
  2133 | D:3      | Slain by Sigmund

Illustrated notes

Levels and vault maps discovered:
D:1:      dpeg_arrival_pits, layout_loops_ring
D:2:      layout_basic, basic_altar
D:3:      layout_rooms, uniq_sigmund

Skill      XL: |  1 |
---------------+----+-----
Short Blades   | 1 |  1.6
Long Blades    | 1 |  1.6
Maces & Flails | 1 |  1.6
Polearms       | 1 |  1.6
Staves         | 1 |  1.6
Slings         | 1 |  1.6
Bows           | 1 |  1.6
Crossbows      | 1 |  1.6
Throwing       | 1 |  1.6
Dodging        | 3 |  3.0
Stealth        | 1 |  1.6
Shields        | 1 |  1.6
Unarmed Combat | 1 |  1.6
Spellcasting   | 1 |  1.6
Conjurations   | 1 |  1.2
Hexes          | 1 |  1.2
Summonings     | 1 |  1.2
Necromancy     | 1 |  1.2
Translocations | 1 |  1.2
Transmutations | 1 |  1.2
Fire Magic     | 1 |  1.2
Ice Magic      | 1 |  1.2
Air Magic      | 1 |  1.2
Earth Magic    | 1 |  1.2
Poison Magic   | 1 |  1.2
Evocations     | 1 |  1.6
Fighting       | |  6.7
Axes           | |  4.8
Armour         | |  4.8
Invocations    | |  4.9

Action                   |  1- 3 |  4- 6 || total
-------------------------+-------+-------++-------
Melee: Hand axe          |       |    83 ||    83
       Battleaxe         |       |    13 ||    13
       Bite              |       |     7 ||     7
Invok: Depart the Abyss  |       |     1 ||     1
  Use: Scroll            |     1 |     4 ||     5
 Stab: Sleeping          |       |     1 ||     1
Armor: Plate armour      |       |    61 ||    61
       Leather armour    |       |     6 ||     6
Dodge: Dodged            |     6 |    23 ||    29

Table legend: (Time is in decaauts)
 A = Elapsed time spent in this place.
 B = Non-inter-level travel time spent in this place.
 C = Inter-level travel time spent in this place.
 D = Time resting spent in this place.
 E = Time spent auto-exploring this place.
 F = Levels seen in this place.
 G = Mean time per level.
                   A        B        C        D        E       F      G
               +--------+--------+--------+--------+--------+-----+--------+
         Total |   2143 |   2118 |     25 |    194 |   1487 |   5 |  428.6 |
       Dungeon |   1781 |   1756 |     25 |    107 |   1297 |   3 |  593.7 |
         Abyss |    362 |    362 |      0 |     87 |    190 |   2 |  181.0 |
               +--------+--------+--------+--------+--------+-----+--------+

Top non-repeatable levels by time:
     D:2: 893 daAuts
     D:1: 849 daAuts
 Abyss:1: 325 daAuts
     D:3: 39 daAuts
 Abyss:2: 37 daAuts
